Map: Kairos Junction LE

Players

SuperKricken

  • Race: Terran Terran
  • League: Gold
  • Spawn Location: 5:00

A.I. 1 (Harder)

  • Race: Terran Terran
  • Spawn Location: 11:00

VOD

Have the link to the VOD?

Description

Time

  • Played on: July 13, 2019, 1:50 p.m.
  • Length: 11:43
Show
View Real Time Build Order
Export as new Build Order

SuperKricken Terran 

Build Orders:  

Get SALT Encoding   

    0:13  Orbital Command  
    0:26  SCV x12  
    0:39  SCV  
  13  0:51  SCV  
  13  0:56  Supply Depot  
  14  1:03  SCV  
  15  1:18  SCV  
  16  1:20  Barracks  
  16  1:25  Refinery  
  16  1:30  SCV  
  17  1:42  SCV  
  18  1:54  SCV  
  19  2:07  Orbital Command  
  20  2:08  Reaper  
  20  2:09  Barracks  
  20  2:36  Command Center  
  20  2:38  SCV  
  21  2:50  Barracks Reactor  
  21  2:51  SCV  
  22  3:02  Supply Depot, Barracks Tech Lab  
  22  3:04  SCV  
  23  3:06  Refinery  
  23  3:28  Marine x2  
  23  3:30  Marauder  
  27  3:34  Factory  
  27  3:37  SCV  
  28  3:55  SCV  
  28  3:59  Orbital Command  
  28  4:07  Engineering Bay  
  28  4:16  Stimpack  
  28  4:18  Marine x2  
  28  4:21  Marauder  
  32  4:26  Hellion  
  32  4:30  Starport  
  34  4:34  SCV  
  34  4:38  Supply Depot  
  35  4:42  Marine x2  
  37  4:46  SCV  
  37  4:47  Terran Infantry Weapons Level 1  
  37  4:50  Factory Tech Lab  
  38  4:55  Marine  
  38  4:59  Marine  
  39  5:01  SCV  
  39  5:06  Bunker  
  41  5:09  Bunker  
  41  5:13  SCV  
  42  5:16  Starport Reactor, Marine  
  42  5:17  Marine x2  
  43  5:30  SCV  
  43  5:33  Supply Depot  
  44  5:36  Supply Depot  
  44  5:46  Sensor Tower, Marine x3  
  47  5:51  Cyclone  
  47  5:53  Medivac  
  52  5:57  SCV  
  52  5:58  Refinery  
  52  6:04  Marine  
  53  6:08  Marine x2  
  53  6:10  SCV  
  57  6:11  Medivac  
  59  6:21  Marine  
  59  6:22  SCV  
  59  6:23  Medivac  
  63  6:25  Marine  
  63  6:26  Supply Depot  
  63  6:29  Supply Depot  
  64  6:34  SCV, Marine  
  64  6:39  Marine  
  66  6:43  Marine  
  66  6:45  Medivac  
  70  6:52  Supply Depot, Marine  
  71  6:55  Missile Turret  
  71  6:57  Marine  
  72  7:02  Barracks  
  72  7:15  Marauder, Marine x2  
  76  7:33  Marine x2  
  76  7:36  Concussive Shells, Marauder  
  80  7:38  Terran Infantry Armor Level 1  
  75  8:08  Marine x4  
  79  8:18  Medivac  
  79  8:19  Medivac  
  83  8:21  Cyclone  
  83  8:26  Marine x3  
  91  8:27  Marauder  
  91  8:45  Marine x3  
  91  8:48  Marine  
  87  9:02  Marine  
  87  9:03  Marine x2  
  87  9:06  Marine  
  91  9:20  Marine x2  
  91  9:22  Marine  
  94  9:30  Supply Depot  
  94  9:51  Marine x2  
  96  9:53  Supply Depot  
  96  10:17  Supply Depot  
  96  10:24  Marine x4  
  100  10:39  Supply Depot  
  100  10:42  Marine x2  
Show
View Real Time Build Order
Export as new Build Order

A.I. 1 (Harder) Terran 

Build Orders: Command Center First (CC) 

Get SALT Encoding   

    0:26  SCV x12  
    0:38  Unknown  
    0:39  SCV  
  13  0:51  SCV  
  13  0:56  Supply Depot  
  14  1:03  SCV  
  15  1:17  SCV  
  16  1:30  SCV  
  17  1:41  Command Center  
  17  1:51  Barracks  
  17  1:55  Refinery  
  17  1:58  SCV  
  18  2:10  SCV  
  19  2:16  Supply Depot  
  19  2:22  SCV  
  20  2:36  Barracks  
  20  2:38  Marine  
  20  2:43  Refinery  
  21  2:56  Barracks Tech Lab  
  21  3:14  Marine  
  21  3:22  Marine  
  22  3:32  Marine  
  23  3:40  Marine  
  24  3:51  Marauder  
  26  3:58  Marine  
  27  4:04  SCV  
  27  4:09  SCV  
  29  4:12  Marauder  
  29  4:16  Marine  
  32  4:17  Supply Depot  
  32  4:22  SCV  
  33  4:26  SCV  
  34  4:33  Marine x2  
  34  4:34  SCV  
  37  4:38  SCV  
  38  4:51  Marine  
  39  4:53  Factory, Barracks Tech Lab  
  39  5:01  Factory  
  39  5:09  Marauder  
  39  5:12  Marauder  
  33  5:30  Marine  
  34  5:37  Factory Tech Lab  
  34  5:42  Starport  
  34  5:45  Widow Mine  
  34  5:48  Stimpack  
  36  5:52  Starport  
  36  5:53  Combat Shield  
  36  5:55  Siege Tank  
  39  6:07  Factory Tech Lab  
  39  6:10  Marine  
  40  6:13  Engineering Bay  
  40  6:20  Starport Tech Lab  
  40  6:21  Marine  
  41  6:28  Marine  
  41  6:29  Starport Tech Lab  
  42  6:39  Marine  
  43  6:41  Terran Infantry Weapons Level 1  
  43  6:46  Marauder  
  45  6:57  Marauder  
  47  7:12  Concussive Shells  
  47  7:13  Siege Tank  
  50  7:16  Supply Depot, Command Center  
  50  7:36  Siege Tank  
  52  7:46  Widow Mine  
  54  7:52  Marine  
  54  7:55  Starport Tech Lab  
  38  7:59  Viking  
  38  8:06  Marine  
  38  8:08  Starport Tech Lab  
  39  8:13  Marine  
  40  8:24  Marine  
  41  8:29  SCV  
  41  8:31  SCV, Marine  
  41  8:33  SCV  
  45  8:42  SCV, Marauder  
  45  8:43  Hellion  
  45  8:48  SCV  
  44  8:49  Marine  
  44  8:52  SCV  
  23  9:03  Marine  
  23  9:07  Marine  
  15  9:24  SCV, Marine  
  16  9:37  SCV  
Tags
 
Add a new tag
Caveats
  • Supply blocks, unpowered buildings, or Contaminate may cause inaccurate times.
  • Supply counts are checked every 10 seconds.